 Dungeon Crawl Stone Soup version 0.20-a0-256-gabb291d (webtiles) character file.

7728 shinino the Cleaver (level 11, -2/148 HPs)
             Began as a Minotaur Berserker on Dec 1, 2016.
             Was a High Priest of Trog.
             Slain by an orc knight
             ... wielding a +0 glaive
              (24 damage)
             ... in a bailey.
             The game lasted 00:22:14 (7485 turns).

shinino the Cleaver (Minotaur Berserker)            Turns: 7485, Time: 00:22:14

Health: -2/148     AC: 16    Str: 29    XL:     11   Next: 0%
Magic:  8/8        EV: 12    Int:  4    God:    Trog [*****.]
Gold:   540        SH:  0    Dex: 15    Spells: 10/10 levels left

rFire  . . .     SeeInvis .     G - +3 battleaxe (vamp)
rCold  . . .     Gourm    .     t - +0 chain mail
rNeg   . . .     Faith    .     (shield currently unavailable)
rPois  .         Spirit   .     F - +0 hat
rElec  .         Reflect  .     D - +0 cloak
rCorr  .         Harm     .     (no gloves)
MR     ++...     Clarity  +     (no boots)
Stlth  ..........               (no amulet)
                                (no ring)
                                w - +1 ring of protection

@: berserking, regenerating, very quick
A: retaliatory headbutt, beak, horns 2, slimy green scales 1, agile 1, clarity,
low mp 1, strong 1
a: Berserk, Trog's Hand, Brothers in Arms, Burn Spellbooks, Renounce Religion


You were in a bailey.
You worshipped Trog.
Trog was extremely pleased with you.
You were very hungry.

You visited 1 branch of the dungeon, and saw 9 of its levels.
You also visited: Bailey.

You collected 540 gold pieces.

Inventory:

Hand Weapons
 G - a +3 vampiric battleaxe (weapon)
Armour
 t - a +0 chain mail (worn)
 D - a +0 cloak (worn)
 F - a +0 hat (worn)
Jewellery
 w - a +1 ring of protection (left hand)
Wands
 a - a wand of iceblast (7/15)
 q - a wand of lightning (3/15)
 z - a wand of slowing (20/48)
 I - a wand of flame (37/48)
Scrolls
 b - a scroll of noise
 e - 2 scrolls of teleportation
 i - 7 scrolls of remove curse
 k - 2 scrolls of fog
 n - a scroll of magic mapping
 y - a scroll of blinking {unknown}
 A - 2 scrolls of recharging {unknown}
 E - a scroll of random uselessness {unknown}
 H - a scroll of fear {unknown}
Potions
 d - a potion of might
 f - a potion of lignification {unknown}
 g - 4 potions of flight
 h - 2 potions of curing {unknown}
 l - 2 potions of heal wounds
 m - 3 potions of resistance
 o - 2 potions of haste {unknown}
 r - a potion of experience {unknown}
 B - a potion of cancellation {unknown}
 C - 2 potions of invisibility {unknown}
Comestibles
 c - 11 bread rations
 p - 4 chunks of flesh
 s - 2 meat rations
 u - 3 beef jerkies


   Skills:
 - Level 10.0 Fighting
 + Level 13.2 Axes
 + Level 11.1 Armour
 + Level 5.4 Dodging


You had 10 spell levels left.
You didn't know any spells.

Dungeon Overview and Level Annotations

Branches:
Dungeon (9/15)             Temple (0/1) D:5            Lair (0/6) D:8
    Orc: D:9-12

Altars:
Gozag
Hepliaklqana
Sif Muna
Trog
Vehumet
Yredelemnul

Shops:
D:5 }

Annotations:
D:8 Grum


Innate Abilities, Weirdness & Mutations

You reflexively headbutt those who attack you in melee.
You have a pair of horns on your head.
You have a beak for a mouth.
You are partially covered in slimy green scales. (AC +2)
You are agile. (Dex +2)
You possess an exceptional clarity of mind.
Your magical capacity is low. (-10% MP)
Your muscles are strong. (Str +2)


Message History

The orc knight hits you from afar with a halberd!!
The orc knight hits you from afar with a glaive!
A red film seems to cover your vision as you go berserk!
You feel yourself moving faster!
You feel mighty!
You are feeling very hungry.
The orc knight hits you but does no damage.
The orc knight roars a battlecry!
The orc knight goes into a battle-frenzy!
You feel a strong urge to attack something.
The orc knight hits you with a glaive!!
* * * LOW HITPOINT WARNING * * *
The orc knight hits you with a halberd.
* * * LOW HITPOINT WARNING * * *
The orc knight hits you with a halberd.
* * * LOW HITPOINT WARNING * * *
You are too berserk!
You closely miss the orc knight. You headbutt the orc knight!
The orc knight is moderately wounded.
You slash the orc knight! x2; The orc knight hits you with a glaive!!
You die...

#.......#
#.......#
#.......#
#.......#
#.......#
##.....##
##'''##
#.....#
#.@...#
#ooo..#
#.....#
#.....#
##'''##
##)))..##
#.))))..#
#.)))...#
#..)....#


You could see 3 orc knights.

Vanquished Creatures
  Gastronok (D:8)
  Pikel (D:8)
  2 orc knights (Bailey)
  Maurice (D:8)
  The ghost of roflturtle the Zephyrmancer, a novice TeAE (D:5)
  A spriggan (D:7)
  Eustachio (D:4)
  2 steam dragons (D:6)
  Menkaure (D:7)
  A slave (D:8)
  7 orc warriors
  3 sky beasts (D:5)
  An ice beast (D:7)
  A phantom (D:9)
  2 ogres
  A centaur (D:5)
  2 bullfrogs
  3 scorpions
  A water moccasin skeleton (D:6)
  6 killer bees (D:8)
  2 wights (D:8)
  An electric eel (D:9)
  A crimson imp (D:8)
  A quasit (D:8)
  3 human zombies (D:8)
  7 orc priests
  A gnoll shaman (D:5)
  A bullfrog skeleton (D:4)
  Jessica (D:2)
  3 centaur skeletons
  Natasha (D:4)
  9 orc wizards
  7 worker ants
  An ogre skeleton (D:8)
  A hound zombie (D:5)
  2 hound skeletons
  3 mummies (D:8)
  8 gnolls
  7 adders
  An adder skeleton (D:7)
  3 worms
  3 dart slugs
  3 leopard geckos
  68 orcs
  8 giant cockroaches
  10 goblins
  5 hobgoblins
  14 jackals
  8 quokkas
  7 bats
  11 frilled lizards
  A jackal zombie (D:6)
  5 kobolds
  An orc skeleton (D:8)
  An orc zombie (D:8)
  8 rats
  A fungus (D:6)
257 creatures vanquished.

Vanquished Creatures (others)
  A shadow (D:8)
  2 slaves (D:8)
  A water moccasin (D:8)
  A bullfrog skeleton (D:8)
  A worker ant zombie (D:8)
  An adder (D:8)
  A fungus (D:6)
  A plant (D:4)
9 creatures vanquished.

Grand Total: 266 creatures vanquished

Notes
Turn   | Place    | Note
-------+----------+-------------------------------------------
     0 | D:1      | shinino the Minotaur Berserker began the quest for the Orb.
     0 | D:1      | Reached XP level 1. HP: 19/19 MP: 0/0
   196 | D:1      | Reached skill level 4 in Axes
   336 | D:1      | Reached XP level 2. HP: 26/26 MP: 1/1
   878 | D:2      | Reached skill level 5 in Axes
   985 | D:2      | Reached ** piety under Trog
   985 | D:2      | Reached XP level 3. HP: 30/31 MP: 2/2
  1130 | D:2      | Found an opulent altar of Gozag.
  1337 | D:2      | Reached XP level 4. HP: 34/39 MP: 3/3
  1373 | D:2      | Reached skill level 6 in Axes
  1426 | D:2      | Noticed Jessica
  1431 | D:2      | Killed Jessica
  1911 | D:3      | Reached skill level 7 in Axes
  1911 | D:3      | Reached XP level 5. HP: 38/45 MP: 4/4
  1913 | D:3      | Reached *** piety under Trog
  2287 | D:4      | Noticed Eustachio
  2296 | D:4      | Killed Eustachio
  2296 | D:4      | Reached skill level 8 in Axes
  2296 | D:4      | Reached XP level 6. HP: 51/51 MP: 5/5
  2362 | D:4      | Found a radiant altar of Vehumet.
  2362 | D:4      | Found a bloodstained altar of Trog.
  2487 | D:4      | Noticed Natasha
  2499 | D:4      | Gained mutation: You are weak. (Str -2) [potion of mutation]
  2499 | D:4      | Gained mutation: You have a beak for a mouth. [potion of mutation]
  2499 | D:4      | Lost mutation: You are weak. (Str -2) [potion of mutation]
  2508 | D:4      | Killed Natasha
  2509 | D:4      | Gained mutation: Your magical capacity is low. (-10% MP) [potion of mutation]
  2509 | D:4      | Gained mutation: You possess an exceptional clarity of mind. [potion of mutation]
  2509 | D:4      | Gained mutation: You are agile. (Dex +2) [potion of mutation]
  2510 | D:4      | Gained mutation: Your muscles are strong. (Str +2) [potion of mutation]
  2510 | D:4      | Gained mutation: Your body sometimes deteriorates upon taking damage. [potion of mutation]
  2595 | D:4      | Found a hazy altar of Hepliaklqana.
  2821 | D:4      | Reached skill level 9 in Axes
  2821 | D:4      | Reached XP level 7. HP: 41/60 MP: 5/5
  3458 | D:5      | Entered Level 5 of the Dungeon
  3506 | D:5      | Noticed roflturtle's ghost (novice TeAE)
  3507 | D:5      | Reached skill level 5 in Fighting
  3652 | D:5      | Killed roflturtle's ghost
  3652 | D:5      | Reached skill level 5 in Armour
  3652 | D:5      | Reached XP level 8. HP: 64/70 MP: 6/6
  3740 | D:5      | Found Tuokud's Quality Used Wands.
  4001 | D:5      | Reached skill level 10 in Axes
  4147 | D:5      | Found a staircase to the Ecumenical Temple.
  4156 | D:5      | Reached **** piety under Trog
  4301 | D:5      | Gained mutation: Scrolls take you a little longer to read. [mutagenic meat]
  4717 | D:6      | Reached XP level 9. HP: 40/79 MP: 7/7
  4913 | D:6      | Reached skill level 11 in Axes
  5057 | D:6      | Gained mutation: You are partially covered in slimy green scales. (AC +2) [potion of mutation]
  5057 | D:6      | Lost mutation: Your body sometimes deteriorates upon taking damage. [potion of mutation]
  5057 | D:6      | Lost mutation: Scrolls take you a little longer to read. [potion of mutation]
  5399 | D:7      | Received a gift from Trog
  5484 | D:7      | Found a deep blue altar of Sif Muna.
  5775 | D:7      | Noticed Menkaure
  5780 | D:7      | Killed Menkaure
  5823 | D:8      | Noticed Pikel
  5828 | D:8      | Found a staircase to the Lair.
  5832 | D:8      | Killed Pikel
  5953 | D:8      | Noticed Gastronok
  5969 | D:8      | Killed Gastronok
  5969 | D:8      | Reached skill level 10 in Fighting
  5969 | D:8      | Reached skill level 12 in Axes
  5969 | D:8      | Reached XP level 10. HP: 58/93 MP: 8/8
  6158 | D:8      | Reached skill level 10 in Armour
  6338 | D:8      | Noticed Maurice
  6355 | D:8      | Killed Maurice
  6600 | D:8      | Noticed Grum
  6722 | D:8      | Found a basalt altar of Yredelemnul.
  6904 | D:9      | Found a flagged portal.
  7030 | Bailey   | Entered a bailey
  7047 | Bailey   | Reached ***** piety under Trog
  7109 | Bailey   | HP: 3/93 [orc warrior/glaive (21)]
  7127 | Bailey   | Reached skill level 13 in Axes
  7382 | Bailey   | Noticed an orc knight
  7382 | Bailey   | Noticed an orc knight
  7394 | Bailey   | Killed an orc knight
  7394 | Bailey   | Reached skill level 5 in Dodging
  7397 | Bailey   | Killed an orc knight
  7400 | Bailey   | Reached XP level 11. HP: 86/99 MP: 8/8
  7458 | Bailey   | Noticed an orc knight
  7458 | Bailey   | Noticed an orc knight
  7463 | Bailey   | Noticed an orc knight
  7485 | Bailey   | Slain by an orc knight

Vault maps used:
D:1:      dpeg_arrival_water_fire
D:2:      grunt_gozag_statues, minmay_heptomino_h4, uniq_jessica
D:3:      first_bread
D:4:      old_standard_altar, gammafunk_temple_overflow_elements, serial_forest,
          infiniplex_forest_zigzag_1, infiniplex_forest_clump_long,
          infiniplex_forest_clump_double, infiniplex_forest_lined_room_3,
          infiniplex_forest_clump_long, infiniplex_forest_straight_3,
          infiniplex_forest_straight_2, infiniplex_forest_clump_diagonal,
          uniq_natasha, uniq_eustachio
D:5:      nicolae_for_you_no_charge
D:6:      kennysheep_steamy
D:7:      led_sif_pool, the_bakery, minivault_27, uniq_menkaure
D:8:      lemuel_mausoleum_altar_yredelemnul, nicolae_overflow_hidden_temple,
          lair_entry_dummy, minmay_misc_feat_square, uniq_maurice,
          uniq_gastronok, uniq_grum, uniq_pikel
D:9:      kennysheep_mini, nicolae_ashenzari_panopticon, enter_bailey_3,
          serial_bayou, serial_bayou_pond_d, serial_bayou_lake_a,
          serial_bayou_shore_b, serial_bayou_pond_e
Bailey:   bailey_polearm_5, bailey

Skill      XL: |  1  2  3  4  5  6  7  8  9 10 |
---------------+-------------------------------+-----
Axes           | 4 5 7 8 9 10 12 13 | 13.2
Fighting       | 4 6 7 10 | 10.0
Armour         | 3 5 7 9 11 | 11.1
Dodging        | 5 |  5.4

Action                   |  1- 3 |  4- 6 |  7- 9 | 10-12 || total
-------------------------+-------+-------+-------+-------++-------
Melee: Hand axe          |    87 |   114 |    34 |       ||   235
       Headbutt          |    11 |    19 |    60 |    24 ||   114
       Peck              |       |     9 |    49 |    23 ||    81
       War axe           |       |       |   186 |    31 ||   217
       Battleaxe         |       |       |       |    91 ||    91
Invok: Trog's Hand       |     1 |     2 |     6 |     7 ||    16
       Berserk           |       |     1 |     2 |     3 ||     6
       Burn Spellbooks   |       |       |     1 |       ||     1
Evoke: Wand              |       |       |       |     1 ||     1
  Use: Scroll            |     3 |       |     2 |     8 ||    13
       Potion            |       |     6 |     2 |     6 ||    14
  Eat: Chunk             |     2 |     6 |    14 |    11 ||    33
       Royal jelly       |       |       |       |     2 ||     2
Armor: Ring mail         |    40 |     3 |       |       ||    43
       Chain mail        |       |    54 |   121 |    79 ||   254
Dodge: Dodged            |    54 |    48 |    87 |   137 ||   326
